 Dungeon Crawl Stone Soup version 0.30-a0-777-ga9a30cbeda (webtiles) character file.

Game seed: 14552939372190195163

75 jimonade the Cudgeller (level 4, 0/45 HPs)
             Began as an Ogre Gladiator on Feb 14, 2023.
             Succumbed to an adder's poison
             ... on level 2 of the Dungeon.
             The game lasted 00:03:21 (1950 turns).

jimonade the Cudgeller (Ogre Gladiator)             Turns: 1950, Time: 00:03:22

Health: 0/45       AC:  3    Str: 18    XL:     4   Next: 31%
Magic:  4/4        EV: 10    Int: 11    God:
Gold:   48         SH:  0    Dex: 10    Spells: 3/3 levels left

rFire   . . .      SeeInvis .    a - +0 flail
rCold   . . .      Faith    .    (no shield)
rNeg    . . .      Spirit   .    n - +0 animal skin
rPois   .          Reflect  .    c - +0 hat
rElec   .          Harm     .    (no cloak)
rCorr   .          Rampage  .    (gloves unavailable)
Will    .....                    (boots unavailable)
Stlth   +                        (no amulet)
HPRegen 0.27/turn                (no ring)
MPRegen 0.09/turn                (no ring)

@: lethally poisoned (0 -> -6)
A: large, unfitting armour, tough skin 1
a: no special abilities


You were on level 2 of the Dungeon.
You visited 1 branch of the dungeon, and saw 2 of its levels.

You collected 48 gold pieces.

Inventory:

Hand Weapons
 a - a +0 flail (weapon)
Missiles
 d - 3 throwing nets (quivered)
 e - a large rock
 h - 36 stones
 l - 2 poisoned darts
Armour
 b - a +0 robe
 c - a +0 hat (worn)
 n - a +0 animal skin (worn)
Jewellery
 o - a ring of ice
Scrolls
 g - 2 scrolls of magic mapping {unknown}
 j - a scroll of torment {unknown}
 k - a scroll of poison {unknown}
Potions
 f - 2 potions of flight {unknown}
 i - 2 potions of ambrosia {unknown}
 m - a potion of might {unknown}
 p - a potion of heal wounds {unknown}


   Skills:
 + Level 3.2 Fighting
 * Level 4.1 Maces & Flails
 + Level 2.0 Throwing
 + Level 3.0 Dodging


You had 3 spell levels left.
You didn't know any spells.
Your spell library was empty.

Dungeon Overview and Level Annotations

Branches:
Dungeon (2/15)

Altars:
Dithmenos


Innate Abilities, Weirdness & Mutations

You are too large for most types of armour.
You have tough skin. (AC +1)


Message History

You are too injured to fight recklessly!
You are too injured to fight recklessly!
You miss the adder.
The adder is heavily wounded.
You feel sick. The adder closely misses you. The dart slug closely misses you.
The adder bites you but does no damage.
You hit the adder.
The adder is almost dead.
You feel sick. The adder barely misses you. The dart slug barely misses you.
You barely miss the adder.
The adder is almost dead.
You feel sick. The adder bites you.
You are more poisoned.
The adder poisons you! The adder barely misses you.
You barely miss the adder.
The adder is almost dead.
You feel sick.
The dart slug bites you but does no damage.
The adder bites you.
* * * LOW HITPOINT WARNING * * *
You closely miss the adder.
The adder is almost dead.
You feel sick. The adder bites you.
* * * LOW HITPOINT WARNING * * *
You are more poisoned.
The adder poisons you! The dart slug launches a dart at you.
The slug dart hits you.
* * * LOW HITPOINT WARNING * * *
The adder closely misses you.
You closely miss the adder.
The adder is almost dead.
* * * LOW HITPOINT WARNING * * *
You feel sick. The adder bites you.
* * * LOW HITPOINT WARNING * * *
The dart slug bites you.
* * * LOW HITPOINT WARNING * * *
You miss the adder.
The adder is almost dead.
You die...

.##.....##.##....##.##
....###..#..#.....#..#
..###
#####.##....##^##
..... #..#..#.#...#
..... ##.####...###
...... #..#...###.#
###### ##...###...# #
#.###S..# #.#.@w#
#...### ##.## #..#
##.# .. #.# .. #..


You could see an adder and a dart slug.

Vanquished Creatures
  Robin (D:1)
  2 dart slugs (D:1)
  5 ball pythons (D:1)
  6 bats (D:1)
  3 endoplasms
  10 goblins
  9 hobgoblins
  5 jackals (D:1)
  A quokka (D:1)
  A frilled lizard (D:2)
  2 kobolds (D:1)
  6 rats (D:1)
51 creatures vanquished.

Notes
Turn   | Place    | Note
-------+----------+-------------------------------------------
     0 | D:1      | jimonade the Ogre Gladiator began the quest for the Orb.
     0 | D:1      | Reached XP level 1. HP: 22/22 MP: 1/1
   128 | D:1      | Reached skill level 3 in Maces & Flails
   128 | D:1      | Reached XP level 2. HP: 13/29 MP: 2/2
   495 | D:1      | Found a faded altar of an unknown god.
   595 | D:1      | Reached XP level 3. HP: 27/36 MP: 3/3
  1311 | D:2      | Found a shadowy altar of Dithmenos.
  1323 | D:2      | Noticed Robin
  1741 | D:1      | Killed Robin
  1742 | D:1      | Reached skill level 4 in Maces & Flails
  1742 | D:1      | Reached XP level 4. HP: 14/45 MP: 4/4
  1949 | D:2      | HP: 2/45 [dart slug (1)]
  1950 | D:2      | Succumbed to an adder's poison

Illustrated notes

Levels and vault maps discovered:
D:1:      zaba_arrival_water, layout_basic,
          shapermc_ecumenical_altar_mp_ritualfount
D:2:      minmay_skewed_foursquare, layout_rooms, basic_altar, uniq_terence,
          uniq_natasha, uniq_sigmund, uniq_robin

Skill      XL: |  1  2  3 |
---------------+----------+-----
Maces & Flails | 3 4 |  4.1
Fighting       | 3 |  3.2
Dodging        | 3 |  3.0
Throwing       | |  2.0

Action                     |  1- 3 |  4- 6 || total
---------------------------+-------+-------++-------
  Melee: Flail             |   132 |    26 ||   158
         Punch             |     1 |       ||     1
 Armour: Robe              |    54 |       ||    54
         Animal skin       |       |     6 ||     6
  Dodge: Dodged            |    91 |    20 ||   111

Table legend: (Time is in decaauts)
 A = Elapsed time spent in this place.
 B = Non-inter-level travel time spent in this place.
 C = Inter-level travel time spent in this place.
 D = Time resting spent in this place.
 E = Time spent auto-exploring this place.
 F = Levels seen in this place.
 G = Mean time per level.
                   A        B        C        D        E       F      G
               +--------+--------+--------+--------+--------+-----+--------+
         Total |   1993 |   1850 |    143 |    357 |   1053 |   2 |  996.5 |
       Dungeon |   1993 |   1850 |    143 |    357 |   1053 |   2 |  996.5 |
               +--------+--------+--------+--------+--------+-----+--------+

Top non-repeatable levels by time:
     D:1: 1860 daAuts
     D:2: 132 daAuts
